 Dungeon Crawl Stone Soup version 0.31-a0-662-g684573625c (webtiles) character file.

Game seed: 13835197354758819523

8282 Shayle the Mimic (level 11, 0/109 HPs)
             Began as an Ogre Shapeshifter on Aug 30, 2023.
             Was an Initiate of Ashenzari.
             Killed from afar by an ironbound frostheart (11 damage)
             ... by creeping frost
             ... in an ice cave on Aug 31, 2023.
             The game lasted 00:36:19 (12037 turns).

Shayle the Mimic (Ogre Shapeshifter)               Turns: 12037, Time: 00:36:20

Health: 0/109      AC: 10    Str: 25    XL:     11   Next: 28%
Magic:  11/11      EV:  9    Int: 15    God:    Ashenzari [......]
Gold:   215        SH:  0    Dex:  8    Spells: 4/10 levels left

rFire   + . .        v - melded +9 long sword (flame)
rCold   + . .        (shield currently unavailable)
rNeg    . . .        a - melded +0 animal skin
rPois   +            (helmet currently unavailable)
rElec   +            (cloak currently unavailable)
rCorr   +            (gloves unavailable)
SInv    .            (boots unavailable)
Will    +....        l - amulet of the acrobat
Stlth   +            (no ring)
HPRegen 0.38/turn    (no ring)
MPRegen 0.12/turn

%: acrobat
@: snake-form, resistant, frozen, very slow
A: constrict, boosted hp, large, unfitting armour, (tough skin 1)
a: Begin Untransformation, Renounce Religion, Curse Item


You were in an ice cave.
You worshipped Ashenzari.
Ashenzari was noncommittal.
You were an enormous anaconda.
You visited 3 branches of the dungeon, and saw 10 of its levels.
You also visited: Ice Cave.

You collected 523 gold pieces.
You spent 308 gold pieces at shops.

Inventory:

Hand Weapons
 t - a +0 flail of draining
 v - a +9 long sword of flaming (melded)
Missiles
 f - 3 datura-tipped darts
 k - 8 curare-tipped darts (quivered)
Armour
 a - a +0 animal skin (melded)
 p - a +2 tower shield of cold resistance
 C - a +2 robe of willpower
Jewellery
 l - an amulet of the acrobat (around neck)
Talismans
 c - a beast talisman
 d - a flux talisman
 B - a serpent talisman (active)
Scrolls
 g - a scroll of amnesia
 j - a scroll of blinking
 n - a scroll of enchant weapon
 o - 2 scrolls of teleportation
 A - a scroll of vulnerability
Potions
 e - 2 potions of lignification
 h - 3 potions of might
 i - a potion of degeneration {unknown}
 m - 5 potions of brilliance
 q - a potion of curing
 r - a potion of cancellation {unknown}
 s - a potion of ambrosia
 u - a potion of enlightenment
 x - a potion of mutation {unknown}


   Skills:
 - Level 1.3 Fighting
 - Level 1.7 Dodging
 + Level 11.5 Unarmed Combat
 + Level 11.6 Shapeshifting


You had 4 spell levels left.
You knew the following spells:

 Your Spells              Type           Power      Damage    Failure   Level
a - Frozen Ramparts       Ice            0%         1d1       63%         3
b - Necrotise             Necr           0%         1d4       26%         1
c - Searing Ray           Conj           0%         2d4       38%         2

Your spell library contained the following spells:

 Spells                   Type           Power      Damage    Failure   Level
 Apportation              Tloc           0%         N/A       26%         1
 Freeze                   Ice            0%         1d3       26%         1
 Magic Dart               Conj           0%         1d3       26%         1
 Summon Small Mammal      Summ           0%         N/A       26%         1
 Ensorcelled Hibernation  Hex/Ice        0%         N/A       38%         2
 Gell's Gravitas          Tloc           0%         N/A       63%         3
 Hailstorm                Conj/Ice       0%         3d3       63%         3
 Summon Guardian Golem    Hex/Summ       0%         N/A       63%         3
 Teleport Other           Tloc           0%         N/A       63%         3
 Anguish                  Hex/Necr       0%         N/A       95%         4
 Cause Fear               Hex            0%         N/A       95%         4
 Fulminant Prism          Conj/Hex       0%         3d5       95%         4
 Dispersal                Tloc           0%         N/A       100%        6
 Enfeeble                 Hex            0%         N/A       100%        7
 Orb of Destruction       Conj           0%         9d5       100%        7
 Spellforged Servitor     Conj/Summ      0%         N/A       100%        7


Dungeon Overview and Level Annotations

Branches:
Dungeon (8/15)             Temple (1/1) D:7            Lair (1/5) D:8
  IceCv (1/1)

Altars:
Ashenzari
Cheibriados
Dithmenos
Elyvilon
Fedhas
Hepliaklqana
Kikubaaqudgha
Makhleb
Nemelex Xobeh
Ru
Sif Muna
Trog
Uskayaw
Vehumet
Wu Jian
Xom
Yredelemnul
Zin
The Shining One

Shops:
D:5 *   D:6 =   D:7 !(**

Annotations:
D:3 3 runed translucent doors, Rexy's ghost, amateur TeBr
D:4 2 transporters, avis's ghost, amateur HOMo
Lair:1 Nergalle IceCv exclusion: ice statue


Innate Abilities, Weirdness & Mutations

You are an enormous anaconda.
You have a powerful constriction melee attack.
Your maximum health is increased.
Your armour is entirely melded.
You are incapable of wielding weapons or throwing items.
You are too large for most types of armour.
((You have tough skin. (AC +1)))


Message History

The bolt of dispelling energy hits the ironbound frostheart!
The ironbound frostheart is severely wounded.
The ironbound frostheart calls freezing cold from the walls.
The frost grips you! You resist.
* * * LOW HITPOINT WARNING * * *
The ironbound frostheart calls freezing cold from the walls.
The frost grips you! You resist.
* * * LOW HITPOINT WARNING * * *
Okay, then.
Blink to where?
Press: ? - help, Dir - move target You can't see that place. [a rock wall.]
Okay, then.
Blink to where?
Press: ? - help, Dir - move target, f - you
Okay, then.
Okay, then.
Okay, then.
Aiming: Quicksilver Bolt
Press: ? - help, Shift-Dir - straight line, f - polar bear
Aim: a polar bear (moderately wounded, inner flame, 79% to hit)
The bolt of dispelling energy hits the ironbound frostheart.
The ironbound frostheart is severely wounded.
The bolt of dispelling energy misses the yak.
The bolt of dispelling energy hits the polar bear!
The polar bear is almost dead.
The bolt of dispelling energy hits the polar bear!
The polar bear is moderately wounded.
Your attack snaps the polar bear out of its fear.
The bolt of dispelling energy hits the ironbound frostheart!
The ironbound frostheart is almost dead.
The bolt of dispelling energy hits the polar bear.
Flame seeps out of the polar bear.
The polar bear is moderately wounded.
The polar bear's magical effects unravel!
The now-empty wand crumbles to dust.
The ironbound frostheart calls freezing cold from the walls.
The frost grips you! You resist.
You die...

######## # ~~##...###
.# ~#~..##..## ..†
~~.#####..# Y.h.
##....#..########
.hp.#
☼...#..#...##...##Yh°#
8.#########...##Sph#
.$# ########## ###


You could see 2 ironbound frosthearts, 4 polar bears and 2 yaks.

Vanquished Creatures
  Erica (D:8)
  An ugly thing (IceCv)
  A cane toad (Lair:1)
  A polar bear (IceCv)
  Prince Ribbit (D:7)
  20 yaks
  A wyvern (D:8)
  3 water moccasins
  An orc warrior (D:7)
  9 wolves (IceCv)
  2 ogres
  A centaur (D:6)
  A kobold brigand (D:8)
  A bullfrog (D:8)
  7 scorpions
  A wight (D:7)
  11 killer bees (D:8)
  A howler monkey (D:6)
  6 hounds
  2 gnoll boudas
  5 orc priests
  2 sleepcaps (D:5)
  2 iguanas
  8 orc wizards
  Robin (D:2)
  7 gnolls
  7 adders
  2 shadow imps
  2 ufetubi (D:4)
  A worm (D:4)
  A dart slug (D:1)
  26 orcs
  3 bats
  5 endoplasms
  5 giant cockroaches
  16 goblins
  5 hobgoblins
  4 jackals
  8 kobolds
  6 quokkas
  3 ball pythons
  A frilled lizard (D:2)
  6 rats
198 creatures vanquished.

Vanquished Creatures (collateral kills)
  A water moccasin (D:5)
  A wight (D:7)
2 creatures vanquished.

Vanquished Creatures (others)
  An ice beast (D:5)
  A wight (D:7)
2 creatures vanquished.

Grand Total: 202 creatures vanquished

Notes
Turn   | Place    | Note
-------+----------+-------------------------------------------
     0 | D:1      | Shayle the Ogre Shapeshifter began the quest for the Orb.
     0 | D:1      | Reached XP level 1. HP: 19/19 MP: 1/1
    73 | D:1      | Reached XP level 2. HP: 23/27 MP: 2/2
   808 | D:1      | Reached XP level 3. HP: 33/33 MP: 3/3
   955 | D:2      | Reached XP level 4. HP: 7/41 MP: 4/4
  1193 | D:2      | Noticed Robin
  1400 | D:2      | Killed Robin
  1982 | D:4      | Noticed a scorpion
  2087 | D:3      | Reached XP level 5. HP: 24/48 MP: 5/5
  2278 | D:3      | Found a runed translucent gate.
  2279 | D:3      | Noticed a kobold brigand
  2279 | D:3      | Noticed Rexy's ghost (amateur TeBr)
  2281 | D:3      | Found a runed translucent gate.
  2281 | D:3      | Found a runed translucent gate.
  2646 | D:4      | Reached XP level 6. HP: 47/55 MP: 6/6
  2909 | D:4      | Reached skill level 5 in Shapeshifting
  2959 | D:4      | Reached skill level 5 in Unarmed Combat
  3104 | D:4      | Found a transporter.
  3130 | D:4      | Found a transporter.
  3130 | D:4      | Noticed avis's ghost (amateur HOMo)
  3252 | D:5      | Entered Level 5 of the Dungeon
  3387 | D:5      | Noticed an ice beast
  3388 | D:5      | Noticed a water moccasin
  3405 | D:5      | Killed a water moccasin
  3406 | D:5      | Reached XP level 7. HP: 24/62 MP: 7/7
  3534 | D:4      | Found a shimmering blue altar of Sif Muna.
  4151 | D:5      | Found a white marble altar of Elyvilon.
  4296 | D:5      | Found Ryiv's Neck Hole.
  4717 | D:6      | Found a shadowy altar of Dithmenos.
  4719 | D:6      | Found a shimmering altar of Xom.
  4850 | D:6      | Reached XP level 8. HP: 67/70 MP: 8/8
  4910 | D:6      | Learned a level 3 spell: Frozen Ramparts
  4934 | D:7      | Found Joulozo's Distillery.
  5085 | D:7      | Found Lagot's Weapon Shop.
  5085 | D:7      | Noticed a +0 giant club
  5131 | D:7      | Noticed a +0 demon blade
  5141 | D:7      | Found an ornate altar of the Wu Jian Council.
  5842 | D:5      | Found a hide-covered altar of Uskayaw.
  5842 | D:5      | Noticed a +0 dagger
  5842 | D:5      | Noticed a +0 spear
  5843 | D:5      | Noticed a +0 spear
  5847 | D:5      | Noticed a +0 dagger
  5849 | D:5      | Noticed a +0 short sword
  5850 | D:5      | Noticed a +0 short sword
  5855 | D:5      | Noticed a +0 falchion
  5857 | D:5      | Noticed a +0 falchion
  6566 | D:6      | Found Edoyrec's Jewellery Emporium.
  7446 | D:5      | Upgraded the game from 0.31-a0-656-gb4d89c20fa to
                  | 0.31-a0-662-g684573625c
  7448 | D:5      | Learned a level 1 spell: Necrotise
  7451 | D:5      | Learned a level 2 spell: Searing Ray
  7532 | D:7      | Found a sparkling altar of Nemelex Xobeh.
  7561 | D:7      | Bought a potion of curing for 42 gold pieces
  7561 | D:7      | Bought a potion of might for 56 gold pieces
  7561 | D:7      | Bought a potion of heal wounds for 70 gold pieces
  7561 | D:7      | Bought 2 potions of heal wounds for 140 gold pieces
  7575 | D:7      | Found Nuuhul's General Store.
  7618 | D:7      | Found a staircase to the Ecumenical Temple.
  7622 | D:7      | Reached XP level 9. HP: 71/76 MP: 9/9
  7626 | Temple   | Entered the Ecumenical Temple
  7655 | Temple   | Became a worshipper of Ashenzari the Shackled
  7759 | D:7      | Found a basalt altar of Yredelemnul.
  7776 | D:7      | Noticed Prince Ribbit
  7787 | D:7      | Killed Prince Ribbit
  8248 | D:7      | Found Ceczimp's Assorted Antiques.
  8519 | D:7      | Found a burning altar of Makhleb.
  8529 | D:7      | Found Unkeatez's Magic Scroll Shoppe.
  8714 | D:8      | Found a staircase to the Lair.
  9687 | D:8      | Noticed Erica
  9697 | D:8      | Killed Erica
  9849 | D:8      | Found a bloodstained altar of Trog.
 10080 | D:8      | Found a sacrificial altar of Ru.
 10113 | D:8      | Reached XP level 10. HP: 60/84 MP: 10/10
 10303 | D:8      | Found an ancient bone altar of Kikubaaqudgha.
 10589 | Lair:1   | Entered Level 1 of the Lair of Beasts
 10639 | Lair:1   | Noticed a cane toad
 10640 | Lair:1   | Noticed a cane toad
 10680 | D:8      | Reached skill level 10 in Shapeshifting
 10773 | D:8      | Reached skill level 10 in Unarmed Combat
 10964 | Lair:1   | Noticed Nergalle
 11000 | Lair:1   | Found a frozen archway.
 11002 | Lair:1   | Noticed a cane toad
 11007 | Lair:1   | Killed a cane toad
 11013 | IceCv    | Entered an ice cave
 11363 | IceCv    | Noticed a white ugly thing
 11368 | IceCv    | Killed a white ugly thing
 11531 | IceCv    | Reached XP level 11. HP: 91/91 MP: 11/11
 12021 | IceCv    | Noticed an ironbound frostheart
 12028 | IceCv    | Noticed an ironbound frostheart
 12037 | IceCv    | Killed from afar by an ironbound frostheart

Illustrated notes

Levels and vault maps discovered:
D:1:      psy_arrival_conway, layout_basic
D:2:      layout_rooms, uniq_robin
D:3:      layout_rooms, gammafunk_ghost_nasty_kobolds
D:4:      layout_basic, nicolae_sif_muna_condensation, gammafunk_ghost_arena,
          serial_demonic, serial_demonic_g, serial_demonic_e, serial_demonic_e,
          serial_demonic_b, minmay_misc_feat_diagonals, item_on_display_a
D:5:      layout_rooms, mainiacjoe_overflow_cross_hatched,
          nicolae_uskayaw_en_pointe, serial_rivers,
          chequers_serial_rivers_large_b, chequers_serial_rivers_large_a,
          chequers_serial_rivers_marsh, chequers_serial_rivers_micro_d,
          chequers_serial_rivers_room_b, chequers_serial_rivers_marsh,
          hangedman_decor_clover_reticule, nicolae_shop_sticking_my_neck_out
D:6:      layout_gridville, chequers_temple_overflow_statue_of_worship,
          serial_shops, kennysheep_little_box, hangedman_decor_slide_cut
D:7:      layout_basic, nemelex_spade_bored_becter, general_overflow_altar,
          mainiacjoe_overflow_small_starburst, kennysheep_mini,
          minmay_temple_entry_proselytizer, serial_shops,
          nicolae_shop_mannequins, shop, nicolae_shop_waterfront, shop,
          nicolae_lakefront_shop, uniq_prince_ribbit1
D:8:      layout_loops_ring, mainiacjoe_overflow_two_lobes,
          overflow_temple_1_default, lair_entry_dummy, uniq_erica
Temple:   nicolae_temple_bog_church
Lair:1:   layout_gridlike, portal_ice_cave_entry_pillars_1, serial_bayou_pond_c,
          nicolae_lair_run_with_the_wolves, lemuel_fruit_tree, uniq_nergalle
IceCv:    ice_cave_caverns_03

Skill      XL: |  1  2  3  4  5  6  7  8  9 10 |
---------------+-------------------------------+-----
Unarmed Combat | 3 4 5 6 7 9 11 | 11.5
Shapeshifting  | 4 5 6 7 9 11 | 11.6
Fighting       | |  1.3
Dodging        | |  1.7

Action                     |  1- 3 |  4- 6 |  7- 9 | 10-12 || total
---------------------------+-------+-------+-------+-------++-------
  Melee: Unarmed           |    68 |   184 |    53 |   156 ||   461
         Punch             |     3 |     6 |     3 |       ||    12
         Flail             |       |       |    99 |       ||    99
         Long sword        |       |       |   115 |       ||   115
         Constrict         |       |       |     3 |    34 ||    37
  Throw: Dart              |     1 |       |     3 |       ||     4
  Evoke: Wand              |       |     4 |     8 |     9 ||    21
    Use: Potion            |     3 |       |     7 |     3 ||    13
         Scroll            |       |     3 |    16 |     6 ||    25
 Armour: Animal skin       |    22 |    48 |   110 |       ||   180
         Skin              |     7 |     1 |    14 |   114 ||   136
  Dodge: Dodged            |    25 |   103 |   189 |    83 ||   400
   Form: Anaconda          |       |       |     1 |       ||     1

Table legend: (Time is in decaauts)
 A = Elapsed time spent in this place.
 B = Non-inter-level travel time spent in this place.
 C = Inter-level travel time spent in this place.
 D = Time resting spent in this place.
 E = Time spent auto-exploring this place.
 F = Levels seen in this place.
 G = Mean time per level.
                   A        B        C        D        E       F      G
               +--------+--------+--------+--------+--------+-----+--------+
         Total |  12078 |  11607 |    471 |   3911 |   5153 |  11 | 1098.0 |
       Dungeon |  10868 |  10430 |    438 |   3204 |   5106 |   8 | 1358.5 |
        Temple |     45 |     12 |     33 |      0 |     11 |   1 |   45.0 |
          Lair |    149 |    149 |      0 |      0 |     36 |   1 |  149.0 |
      Ice Cave |   1014 |   1014 |      0 |    707 |      0 |   1 | 1014.0 |
               +--------+--------+--------+--------+--------+-----+--------+

Top non-repeatable levels by time:
     D:8: 1938 daAuts
     D:5: 1888 daAuts
     D:7: 1634 daAuts
     D:4: 1534 daAuts
     D:6: 1196 daAuts
   IceCv: 1014 daAuts
     D:3: 906 daAuts
     D:2: 889 daAuts
     D:1: 880 daAuts
  Lair:1: 149 daAuts
  Temple: 45 daAuts
